 Dungeon Crawl Stone Soup version 0.25.0-9-g26727b657a (webtiles) character file.

Game seed: 1143058434741205477

63 Esekla the Grave Robber (level 4, 0/32 HPs)
             Began as a Barachi Necromancer on June 20, 2020.
             Slain by a gnoll
             ... wielding a +0 club
              (4 damage)
             ... on level 1 of the Dungeon.
             The game lasted 00:10:41 (1392 turns).

Esekla the Grave Robber (Barachi Necromancer)       Turns: 1392, Time: 00:10:42

Health: 0/32       AC:  2    Str: 10    XL:     4   Next: 10%
Magic:  0/9        EV: 12    Int: 16    God:
Gold:   43         SH:  0    Dex: 12    Spells: 5/9 levels left

rFire    . . .     SeeInvis .   d - +0 dagger
rCold    . . .     Gourm    .   (no shield)
rNeg     . . .     Faith    .   a - +0 robe
rPois    .         Spirit   .   (no helmet)
rElec    .         Reflect  .   (no cloak)
rCorr    .         Harm     .   (no gloves)
MR       .....                  (no boots)
Stlth    ++........             f - amulet of regeneration
HPRegen  0.50/turn              (no ring)
MPRegen  0.11/turn              (no ring)

@: can't hop, slow
A: +LOS, swims, slowness 1, strong legs 1
a: Hop


You were on level 1 of the Dungeon.
You were near starving.

You visited 1 branch of the dungeon, and saw 3 of its levels.

You collected 43 gold pieces.

Inventory:

Hand Weapons
 d - a +0 dagger (weapon)
Armour
 a - a +0 robe (worn)
Jewellery
 f - an amulet of regeneration (around neck)
 i - an uncursed amulet of the acrobat {unknown}
Wands
 n - a wand of polymorph (10)
Scrolls
 b - a scroll of teleportation {unknown}
 g - a scroll of immolation {unknown}
 h - a scroll of remove curse {unknown}
 l - a scroll of identify {unknown}
Potions
 e - a potion of heal wounds {unknown}
 j - a potion of might {unknown}
 k - a potion of mutation {unknown}
 m - 2 potions of degeneration {unknown}
Comestibles
 c - 2 rations


   Skills:
 * Level 1.6 Fighting
 + Level 0.2 Short Blades
 + Level 2.5 Dodging
 - Level 1.7 Stealth
 * Level 3.3 Spellcasting
 + Level 4.0 Necromancy


You had 5 spell levels left.
You knew the following spells:

 Your Spells              Type           Power        Failure   Level  Hunger
a - Pain                  Necr           ###.         3%          1    None
d - Vampiric Draining     Necr           ###.......   11%         3    ###....

Your spell library contained the following spells:

 Spells                   Type           Power        Failure   Level  Hunger
 Animate Skeleton         Necr           N/A          3%          1    None
 Animate Dead             Necr           N/A          34%         4    ####...
 Agony                    Necr           ###.....     67%         5    ######.


Dungeon Overview and Level Annotations

Branches:
Dungeon (3/15)

Altars:


Innate Abilities, Weirdness & Mutations

You can be seen from farther away. (+LOS)
You can swim through water.
You cover ground slowly.
You can hop short distances.


Message History

The gnoll is severely wounded.
You feel life coursing into your body.
You are ready to hop once more.
The gnoll misses you.
Hop to where?
Press: ? - help, Dir - move target cursor, p - gnoll Boing!
You barely miss the gnoll.
The gnoll is severely wounded.
The gnoll misses you.
There is a large open door here.
You see here a +0 club.
You barely miss the gnoll.
The gnoll is severely wounded.
The gnoll hits you with a +0 club.
* * * LOW HITPOINT WARNING * * *
You hit the gnoll.
The gnoll is almost dead.
The gnoll hits you with a +0 club.
You die...

#.#.#.#
#.....#
##...## #...#
#...## ##...#
######...#
#...##...#
#.<.g@.>.#
#...##...#
#'####...#
#.#####'##
#.##.....####
#.##..⌠..+..#
#.
#.##....[#..#
..
#.##..⌠..#..##
..
#.##.....#....
.


You could see a gnoll.

Vanquished Creatures
  3 gnolls
  An ooze (D:2)
  3 leopard geckos (D:2)
  2 bats (D:2)
  3 goblins
  4 hobgoblins
  3 jackals
  2 kobolds (D:2)
  A quokka (D:2)
  A ball python (D:2)
  2 frilled lizards (D:2)
  A rat (D:2)
26 creatures vanquished.

Notes
Turn   | Place    | Note
-------+----------+-------------------------------------------
     0 | D:1      | Esekla the Barachi Necromancer began the quest for the Orb.
     0 | D:1      | Reached XP level 1. HP: 13/13 MP: 3/3
   279 | D:2      | Reached XP level 2. HP: 9/20 MP: 0/5
   564 | D:2      | Reached skill level 1 in Fighting
  1049 | D:2      | Reached XP level 3. HP: 19/26 MP: 0/7
  1210 | D:2      | Learned a level 3 spell: Vampiric Draining
  1342 | D:2      | Reached skill level 4 in Necromancy
  1373 | D:1      | Reached XP level 4. HP: 15/32 MP: 1/9
  1383 | D:1      | HP: 1/32 [gnoll/+0 club (5)]
  1392 | D:1      | Slain by a gnoll

Illustrated notes

Levels and vault maps discovered:
D:1:      dpeg_arrival_simpleton_b, layout_loops_cross
D:2:      layout_loops_ring
D:3:      layout_loops_ring, fedhas_altar_3, lemuel_blue_sif_altar,
          chequers_ecumenical_altar_simple, ebering_ghost_sewer_f

Skill      XL: |  1  2  3 |
---------------+----------+-----
Fighting       | 1 |  1.6
Spellcasting   | 3 |  3.3
Necromancy     | 4 |  4.0
Short Blades   | |  0.2
Dodging        | |  2.5
Stealth        | |  1.7

Action                   |  1- 3 |  4- 6 || total
-------------------------+-------+-------++-------
Melee: Unarmed           |     5 |       ||     5
       Dagger            |    77 |    13 ||    90
 Cast: Pain              |    35 |       ||    35
       Vampiric Draining |     3 |     2 ||     5
 Abil: Hop               |     1 |     1 ||     2
 Stab: Sleeping          |     3 |       ||     3
  Eat: Chunk             |     1 |       ||     1
Armor: Robe              |    15 |       ||    15
Dodge: Dodged            |    67 |     5 ||    72
